 Dungeon Crawl Stone Soup version 0.30-a0-292-g0f741e3f8e (webtiles) character file.

Game seed: 1152596342644142960

32 Flugkiller the Cutter (level 3, 14/27 HPs)
             Began as a Demonspawn Gladiator on Oct 17, 2022.
             Quit the game on level 2 of the Dungeon.
             The game lasted 00:00:53 (1064 turns).

Flugkiller the Cutter (Demonspawn Gladiator)        Turns: 1064, Time: 00:00:54

Health: 14/27      AC:  4    Str: 14    XL:     3   Next: 10%
Magic:  12/12      EV: 12    Int:  9    God:
Gold:   37         SH:  0    Dex: 16    Spells: 2/2 levels left

rFire   . . .      SeeInvis .    l - +0 dagger (venom)
rCold   . . .      Faith    .    (no shield)
rNeg    . . .      Spirit   .    b - +0 leather armour
rPois   .          Reflect  .    c - +0 helmet
rElec   .          Harm     .    (no cloak)
rCorr   .          Rampage  .    (no gloves)
Will    .....                    (no boots)
Stlth   +.........               (no amulet)
HPRegen 0.24/turn                i - ring of magical power
MPRegen 0.13/turn                (no ring)

@: no status effects
A: ignite blood 1, demonic touch 1
a: no special abilities


You were on level 2 of the Dungeon.
You visited 1 branch of the dungeon, and saw 2 of its levels.

You collected 37 gold pieces.

Inventory:

Hand Weapons
 a - a +0 rapier
 l - a +0 dagger of venom (weapon)
   (You took it off a goblin on level 2 of the Dungeon)
Missiles
 d - 3 throwing nets (quivered)
 e - a javelin
Armour
 b - a +0 leather armour (worn)
 c - a +0 helmet (worn)
Jewellery
 i - a ring of magical power (left hand)
   (You found it on level 2 of the Dungeon)
Scrolls
 f - a scroll of enchant armour {unknown}
 g - 2 scrolls of fear {unknown}
 k - a scroll of butterflies {unknown}
Potions
 h - a potion of heal wounds {unknown}
 j - a potion of curing {unknown}


   Skills:
 - Level 2.0 Fighting
 + Level 3.9 Short Blades
 - Level 1.7 Throwing
 - Level 2.6 Dodging


You had 2 spell levels left.
You didn't know any spells.
Your spell library was empty.

Dungeon Overview and Level Annotations

Branches:
Dungeon (2/15) Zot: 10936

Altars:


Innate Abilities, Weirdness & Mutations

Your demonic aura sometimes causes spilled blood to erupt in flames.
Your touch may inflict minor irresistible damage on your foes.


Message History

You closely miss the hobgoblin.
The hobgoblin hits you but does no damage.
You hit the hobgoblin but do no damage. The hobgoblin closely misses you.
You closely miss the hobgoblin. The hobgoblin hits you.
A hobgoblin is nearby!
A hobgoblin is nearby!
You hit the hobgoblin.
You kill the hobgoblin!
No target in view!
You see here a hobgoblin corpse.
No target in view!
A rat comes into view.
A rat is nearby!
A rat is nearby!
You see here a scroll labelled AKUCRO FENEYT.
You barely miss the rat. The rat closely misses you.
You puncture the rat!
You kill the rat!
No target in view!
No target in view!
No target in view!
No target in view!
No target in view!
No target in view!
g - 2 scrolls labelled AKUCRO FENEYT (gained 1)
You see here a rat corpse.
You see here a rat corpse.
You see here a hobgoblin corpse.
There is a stone staircase leading down here.
You open the large door.
A goblin comes into view. It is wielding a +0 dagger of venom.
A goblin is nearby!
A goblin is nearby!
There is a large open door here.
The goblin shouts!
There is a large open door here.
You barely miss the goblin. The goblin misses you.
You puncture the goblin!
You kill the goblin!
No target in view!
No target in view!
No target in view!
No target in view!
No target in view!
k - a scroll labelled WYBOCU BAISEOL
Things that are here:
a +0 dagger of venom; a goblin corpse
l - a +0 dagger of venom Your +0 dagger of venom begins to drip with poison!
l - a +0 dagger of venom (weapon)
A worm comes into view.
Found 10 gold pieces.
A worm is nearby!
A worm is nearby!
A giant cockroach comes into view.
The worm closely misses you.
You barely miss the worm. The worm bites you!
You hit the worm.
The worm is lightly wounded.
You hit the worm.
The worm is poisoned.
The worm is moderately wounded.
The worm bites you.
You are too injured to fight recklessly!
You are too injured to fight recklessly!
You are too injured to fight recklessly!
You are too injured to fight recklessly!
You are too injured to fight recklessly!
You are too injured to fight recklessly!
There are monsters nearby!
You are too injured to fight recklessly!
You hit the worm.
The worm looks as sick as possible!
The worm is heavily wounded.
You hit the worm.
The worm looks as sick as possible!
The worm is severely wounded.
The worm bites you.
You hit the worm but do no damage.
The worm looks as sick as possible!
The worm is severely wounded.
The giant cockroach attacks as you move away!
The giant cockroach bites you but does no damage.
You kill the worm!
You have reached level 3!
Your experience leads to an increase in your attributes!
Increase (S)trength, (I)ntelligence, or (D)exterity?
You feel agile. x2; Your demonic ancestry asserts itself...
Your hands begin to faintly glow with unholy energy.
You see here 9 gold pieces.
Unknown command.
You hit the giant cockroach.
The giant cockroach is poisoned.
The giant cockroach is heavily wounded.
The giant cockroach closely misses you.
You hit the giant cockroach but do no damage.
The giant cockroach looks even sicker.
The giant cockroach is heavily wounded.
You kill the giant cockroach!
You see here a giant cockroach corpse.
You see here a giant cockroach corpse.
You now have 37 gold pieces (gained 9).
You don't know any spells.
Unknown command.
Are you sure you want to abandon this character and quit the game? (Confirm with "yes".)

###.######################
#>.....................#
###.####################..
#.....# ### #.....# #
#.....########### #
#.....##........# #
#.....''†.......#
#.....##.@.†....#
########........#
#........# #.....†..#
#........# #........$...
##....##.###.. ####.# .#
#.# .#


There were no monsters in sight!

Vanquished Creatures
  A worm (D:2)
  3 dart slugs
  An endoplasm (D:1)
  3 giant cockroaches
  2 goblins
  2 hobgoblins
  4 jackals (D:1)
  A ball python (D:1)
  2 frilled lizards (D:1)
  A kobold (D:1)
  2 rats
22 creatures vanquished.

Notes
Turn   | Place    | Note
-------+----------+-------------------------------------------
     0 | D:1      | Flugkiller the Demonspawn Gladiator began the quest for the
                  | Orb.
     0 | D:1      | Reached XP level 1. HP: 16/16 MP: 1/1
   104 | D:1      | Reached skill level 3 in Short Blades
   207 | D:1      | Gained mutation: Your demonic aura sometimes causes spilled
                  | blood to erupt in flames. [demonic ancestry]
   207 | D:1      | Reached XP level 2. HP: 22/22 MP: 2/2
  1056 | D:2      | Gained mutation: Your touch may inflict minor irresistible
                  | damage on your foes. [demonic ancestry]
  1056 | D:2      | Reached XP level 3. HP: 12/27 MP: 3/3
  1064 | D:2      | Quit the game

Illustrated notes

Levels and vault maps discovered:
D:1:      dpeg_arrival_tiny_h, layout_loops_corners
D:2:      layout_basic, serial_shops, nicolae_lakefront_shop

Skill      XL: |  1 |
---------------+----+-----
Short Blades   | 3 |  3.9
Fighting       | |  2.0
Throwing       | |  1.7
Dodging        | |  2.6

Action                   || total
-------------------------++-------
Melee: Rapier            ||    60
       Dagger            ||     8
Armor: Leather armour    ||    18
Dodge: Dodged            ||    38

Table legend: (Time is in decaauts)
 A = Elapsed time spent in this place.
 B = Non-inter-level travel time spent in this place.
 C = Inter-level travel time spent in this place.
 D = Time resting spent in this place.
 E = Time spent auto-exploring this place.
 F = Levels seen in this place.
 G = Mean time per level.
                   A        B        C        D        E       F      G
               +--------+--------+--------+--------+--------+-----+--------+
         Total |   1063 |   1031 |     32 |     60 |    802 |   2 |  531.5 |
       Dungeon |   1063 |   1031 |     32 |     60 |    802 |   2 |  531.5 |
               +--------+--------+--------+--------+--------+-----+--------+

Top non-repeatable levels by time:
     D:1: 863 daAuts
     D:2: 200 daAuts
